 Dungeon Crawl Stone Soup version 0.21-a0-133-gf55ed5b (webtiles) character file.

830 4thArraOfDagon the Skirmisher (level 7, -5/69 HPs)
             Began as a Naga Conjurer on July 17, 2017.
             Was a Believer of Elyvilon (penitent).
             Killed from afar by a wight (23 damage)
             ... with an exploding inner flame
             ... hexed by the player character
             ... on level 6 of the Dungeon.
             The game lasted 00:09:32 (2880 turns).

4thArraOfDagon the Skirmisher (Naga Conjurer)       Turns: 2880, Time: 00:09:33

Health: -5/69      AC:  5    Str: 10    XL:     7   Next: 97%
Magic:  10/10      EV:  9    Int: 18    God:    Elyvilon [*]
Gold:   132        SH:  0    Dex: 11    Spells: 9/10 levels left

rFire    . . .     SeeInvis +   d - +0 long sword (protect)
rCold    . . .     Gourm    .   (no shield)
rNeg     . . .     Faith    .   j - +0 ring mail
rPois    +         Spirit   .   (no helmet)
rElec    .         Reflect  .   s - +0 cloak
rCorr    .         Harm     .   (no gloves)
MR       .....                  (no barding)
Stlth    +.........             (no amulet)
HPRegen  0.21/turn              (no ring)
MPRegen  0.12/turn              (no ring)

@: drained, very slow
A: see invisible, deformed body, poison resistance, slowness 2, slow metabolism
1, spit poison 1, AC +2
a: Spit Poison, Renounce Religion


You were on level 6 of the Dungeon.
You worshipped Elyvilon.
Elyvilon was demanding penance.
You were not hungry.

You visited 1 branch of the dungeon, and saw 6 of its levels.

You collected 163 gold pieces.
You spent 31 gold pieces at shops.

Inventory:

Hand Weapons
 d - a +0 long sword of protection (weapon)
 t - a +0 short sword of speed
 v - a +1 trident of protection
Armour
 a - a +0 robe
 j - a +0 ring mail (worn)
 s - a +0 cloak (worn)
Wands
 e - a wand of acid (0/15)
 u - a wand of iceblast (6/15)
Scrolls
 f - 4 scrolls of identify
 k - 3 scrolls of immolation
 w - a scroll of holy word {unknown}
 x - a scroll of enchant armour
Potions
 h - a potion of haste
 m - a potion of brilliance
 n - a potion of degeneration
Books
 b - a book of Conjurations

   Spells                             Type                      Level
   a - Magic Dart                     Conjuration                  1
   b - Searing Ray                    Conjuration                  2
   c - Dazzling Spray                 Conjuration/Hexes            3
   d - Fulminant Prism                Conjuration/Hexes            4
   e - Force Lance                    Conjuration/Translocation    4
   f - Iskenderun's Mystic Blast      Conjuration                  4
Comestibles
 c - 2 bread rations
 g - a meat ration
 l - 2 royal jellies
 r - 3 fruits
 z - a chunk of flesh


   Skills:
 + Level 6.1(5.9) Fighting
 + Level 3.5(3.3) Dodging
 - Level 3.0(2.7) Stealth
 - Level 2.0(1.7) Spellcasting
 - Level 4.0(3.7) Conjurations
 + Level 4.5(4.3) Invocations


You had 9 spell levels left.
You knew the following spells:

 Your Spells              Type           Power        Failure   Level  Hunger
a - Magic Dart            Conj           ###.         11%         1    #......


Dungeon Overview and Level Annotations

Branches:
Dungeon (6/15)             Temple (0/1) D:4

Altars:
Elyvilon
Okawaru

Shops:
D:4 *   D:5 }


Innate Abilities, Weirdness & Mutations

You cannot wear boots.
Your serpentine skin is tough. (AC +2)
You have supernaturally acute eyesight. (SInv)
Armour fits poorly on your strangely shaped body.
Your system is resistant to poisons. (rPois)
You cover ground very slowly.
You have a slow metabolism.
You can spit poison.


Message History

You feel better. The wight hits you with a flail.
* * * LOW HITPOINT WARNING * * *
You feel drained.
Unknown command.
As you read the scroll labeled MOECKU YTZAIST, it crumbles to dust.
It is a scroll of amnesia.
Forget which spell ([?*] list [ESC] exit)?
Forget which spell ([?*] list [ESC] exit)?
Okay, then.
The wight barely misses you.
Unknown command.
As you read the scroll labeled ILOMEU WUTINN, it crumbles to dust.
The dust glows faint gridelin!
It was a scroll of random uselessness.
The wight barely misses you.
Unknown command.
As you read the scroll labeled CUOFIF XEZAMAN, it crumbles to dust.
You speak a Word of immense power!
The wight convulses!
The wight explodes!
The fiery explosion engulfs you!
You die...

#..##### #..#######
#......... ##.###...<.
###......####
##....##### ##
#..#..####
#.#######.###....
#..ยงยง@.....#..####
#..#######.....# #..#
####..#
#..##########..#
#.#####........)))...#
#........###########.#
#####...# .#
#...###### .#
#......... .#


There were no monsters in sight!

Vanquished Creatures
  An ogre (D:4)
  A centaur (D:5)
  3 wights (D:6)
  3 vampire bats (D:6)
  A crimson imp (D:5)
  A hound (D:5)
  2 orc priests (D:3)
  A jelly (D:6)
  An orc wizard (D:5)
  4 worker ants
  4 adders
  2 oozes (D:2)
  An adder zombie (D:5)
  2 worms
  3 leopard geckos
  10 orcs
  4 giant cockroaches
  8 goblins
  5 hobgoblins
  9 jackals
  A ball python (D:2)
  15 bats
  2 frilled lizards
  A jackal skeleton (D:5)
  4 kobolds
  3 leopard gecko zombies
  10 rats
102 creatures vanquished.

Notes
Turn   | Place    | Note
-------+----------+-------------------------------------------
     0 | D:1      | 4thArraOfDagon the Naga Conjurer began the quest for the Orb.
     0 | D:1      | Reached XP level 1. HP: 15/15 MP: 3/3
    38 | D:2      | Reached skill level 1 in Fighting
   248 | D:2      | Found a white marble altar of Elyvilon.
   254 | D:2      | Reached XP level 2. HP: 23/25 MP: 5/5
   260 | D:2      | Became a worshipper of Elyvilon the Healer
   316 | D:2      | Reached skill level 2 in Fighting
   453 | D:1      | Reached XP level 3. HP: 30/33 MP: 6/6
   987 | D:2      | Found a faded altar of an unknown god.
  1057 | D:2      | Reached skill level 3 in Fighting
  1096 | D:2      | Reached * piety under Elyvilon
  1166 | D:2      | Reached XP level 4. HP: 42/43 MP: 4/7
  1364 | D:3      | Reached skill level 4 in Fighting
  1404 | D:3      | Found an iron altar of Okawaru.
  1620 | D:3      | Reached XP level 5. HP: 50/50 MP: 8/8
  1635 | D:3      | Reached skill level 1 in Invocations
  2006 | D:4      | Reached ** piety under Elyvilon
  2144 | D:4      | Found Duycash's Assorted Antiques.
  2145 | D:4      | Found a staircase to the Ecumenical Temple.
  2151 | D:4      | Bought a scroll labeled CUOFIF XEZAMAN for 31 gold pieces
  2172 | D:4      | Reached XP level 6. HP: 58/58 MP: 9/9
  2238 | D:5      | Entered Level 5 of the Dungeon
  2266 | D:5      | Reached skill level 5 in Fighting
  2391 | D:5      | Found Libb's Gadget Emporium.
  2445 | D:5      | Reached XP level 7. HP: 57/67 MP: 10/10
  2839 | D:6      | Was placed under penance by Elyvilon
  2841 | D:6      | Reached skill level 6 in Fighting
  2877 | D:6      | murphy: ji
  2877 | D:6      | murphy: hi
  2877 | D:6      | 4thArraOfDagon: hi
  2880 | D:6      | Killed from afar by a wight

Vault maps used:
D:1:      noname_arrival_rooms_in_the_neighbourhood, minivault_5
D:2:      chequers_ecumenical_altar_grove, elyvilon_altar_5
D:3:      minmay_door_path, okawaru_trees_1
D:4:      temple_fountains, serial_shops,
          nicolae_shop_competitors_out_of_business, first_bread
D:5:      serial_shops, shop_fountains
D:6:      hangedman_abyss_or_decor_passed, roderic_batcave, uniq_eustachio

Skill      XL: |  1  2  3  4  5  6  7 |
---------------+----------------------+-----
Fighting       | 1 2 3 4 5 6 |  6.1
Invocations    | 2 3 4 |  4.5
Dodging        | 2 3 |  3.5
Stealth        | |  3.0
Spellcasting   | |  2.0
Conjurations   | |  4.0

Action                   |  1- 3 |  4- 6 |  7- 9 || total
-------------------------+-------+-------+-------++-------
Melee: Long sword        |    47 |    32 |    74 ||   153
       Unarmed           |     2 |       |       ||     2
       Trident           |       |   117 |    44 ||   161
 Cast: Magic Dart        |    11 |    18 |       ||    29
Invok: Divine Protection |       |       |     1 ||     1
 Abil: Spit Poison       |    20 |    22 |     1 ||    43
Evoke: Wand              |       |     2 |     5 ||     7
  Use: Scroll            |       |     5 |     6 ||    11
       Potion            |       |       |     1 ||     1
 Stab: Sleeping          |     4 |     1 |       ||     5
  Eat: Chunk             |     2 |     5 |     2 ||     9
Armor: Robe              |     8 |       |       ||     8
       Ring mail         |     5 |    97 |   112 ||   214
Dodge: Dodged            |    29 |    80 |   120 ||   229
       Rpst.: Long sword |     7 |     7 |    23 ||    37
